 Dungeon Crawl Stone Soup version 0.31-a0-986-g5e6e4ef867 (webtiles) character file.

Game seed: 17432195420819870699

15400 whatisthis the Fighter (level 12, -1/113 HPs)
             Began as a Purple Draconian Shapeshifter on Nov 23, 2023.
             Was a Believer of Makhleb.
             Slain by a skyshark (3 damage)
             ... on level 2 of the Lair of Beasts.
             The game lasted 01:15:55 (14828 turns).

whatisthis the Fighter (DrSh)                      Turns: 14828, Time: 01:15:56

Health: -1/113     AC: 12    Str: 21    XL:     12   Next: 0%
Magic:  15/15      EV: 12    Int: 11    God:    Makhleb [**....]
Gold:   451        SH: 14    Dex: 17    Spells: 11/11 levels left

rFire   . .          .
                       - Unarmed
rCold   . . .        C - +0 kite shield
rNeg    . . .        (body armour unavailable)
rPois   .            (helmet currently unavailable)
rElec   .            (cloak currently unavailable)
rCorr   .            (gloves currently unavailable)
SInv    .            (boots currently unavailable)
Will    +....        H - amulet of reflection
Stlth   ++           I - +6 ring of dexterity
HPRegen 0.38/turn    o - +4 ring of protection
MPRegen 0.14/turn

%: reflection
@: about to teleport, short of breath, beast-form
A: beast (slay +4), breathe power, AC +8, unfitting armour, cold-blooded
a: Breathe Dispelling Energy, Begin Untransformation, Renounce Religion, Minor
Destruction


You were on level 2 of the Lair of Beasts.
You worshipped Makhleb.
Makhleb was pleased with you.
You were a hulking beast.
You visited 3 branches of the dungeon, and saw 12 of its levels.

You collected 528 gold pieces.
You spent 77 gold pieces at shops.

Inventory:

Missiles
 f - 83 stones
 r - a poisoned dart
 y - 6 boomerangs
Armour
 C - a +0 kite shield (worn)
 K - a +0 tower shield
Jewellery
 d - a ring of resist corrosion
 j - a ring of wizardry
 o - a +4 ring of protection (right hand)
 p - a ring of positive energy
 H - an amulet of reflection (around neck)
 I - a +6 ring of dexterity (left hand)
 M - a ring of fire
Talismans
 b - a beast talisman (active)
 c - a flux talisman
 F - a blade talisman
 L - a maw talisman
Wands
 x - a wand of charming (7)
 D - a wand of flame (6)
 E - a wand of polymorph (10)
Scrolls
 e - 2 scrolls of poison {unknown}
 i - 2 scrolls of vulnerability {unknown}
 k - 3 scrolls of teleportation
 m - 2 scrolls of amnesia {unknown}
 q - a scroll of silence {unknown}
 u - a scroll of torment {unknown}
 v - a scroll of fear
 A - 2 scrolls of fog {unknown}
Potions
 a - 4 potions of curing
 g - a potion of mutation {unknown}
 h - a potion of magic
 l - 3 potions of heal wounds
 n - 2 potions of enlightenment
 s - a potion of brilliance {unknown}
 t - 2 potions of attraction
 z - 2 potions of degeneration
 B - 4 potions of cancellation
 G - a potion of haste {unknown}
 J - a potion of might {unknown}


   Skills:
 + Level 12.3 Fighting
 - Level 3.0 Dodging
 - Level 3.0 Shields
 + Level 11.7 Unarmed Combat
 - Level 4.5 Invocations
 + Level 9.6 Shapeshifting


You had 11 spell levels left.
You didn't know any spells.
Your spell library contained the following spells:

 Spells                   Type           Power      Damage    Failure   Level
 Apportation              Tloc           0%         N/A       63%         1
 Freeze                   Ice            0%         1d3       63%         1
 Necrotise                Necr           0%         1d4       63%         1
 Slow                     Hex            0%         N/A       63%         1
 Sting                    Tmut/Pois      0%         1d3       63%         1
 Summon Small Mammal      Summ           0%         N/A       63%         1
 Ensorcelled Hibernation  Hex/Ice        0%         N/A       77%         2
 Jinxbite                 Hex            0%         N/A       77%         2
 Poisonous Vapours        Pois/Air       0%         N/A       77%         2
 Confusing Touch          Hex            0%         N/A       94%         3
 Dazzling Flash           Conj/Hex       0%         N/A       94%         3
 Frozen Ramparts          Ice            0%         1d1       94%         3
 Hailstorm                Conj/Ice       0%         3d3       94%         3
 Inner Flame              Hex/Fire       0%         N/A       94%         3
 Sigil of Binding         Hex            0%         N/A       94%         3
 Summon Guardian Golem    Hex/Summ       0%         N/A       94%         3
 Vampiric Draining        Necr           0%         2d6       94%         3
 Volatile Blastmotes      Fire/Tloc      0%         2d10      94%         3
 Anguish                  Hex/Necr       0%         N/A       100%        4
 Flame Wave               Conj/Fire      0%         2d4       100%        4
 Olgreb's Toxic Radiance  Pois           0%         N/A       100%        4
 Sticky Flame             Conj/Fire      0%         2d3       100%        4
 Vhi's Electric Charge    Tloc/Air       0%         N/A       100%        4
 Arcjolt                  Conj/Air       0%         1d10      100%        5
 Plasma Beam              Fire/Air       0%         2x1d10    100%        6
 Starburst                Conj/Fire      0%         6d3       100%        6
 Orb of Destruction       Conj           0%         9d5       100%        7
 Spellforged Servitor     Conj/Summ      0%         N/A       100%        7
 Maxwell's Capacitive Co  Air            0%         ∞         100%        8


Dungeon Overview and Level Annotations

Branches:
Dungeon (9/15)             Temple (1/1) D:7            Lair (2/5) D:8
 Shoals (0/4) Lair:2
  Snake: Lair:2-3    Spider: Lair:2-3       Orc: D:9-12

Altars:
Ashenzari
Cheibriados
Dithmenos
Elyvilon
Fedhas
Gozag
Hepliaklqana
Kikubaaqudgha
Makhleb
Nemelex Xobeh
Okawaru
Qazlal
Ru
Sif Muna
Trog
Uskayaw
Vehumet
Wu Jian
Xom
Yredelemnul
Zin
The Shining One

Shops:
D:1 =   D:5 ?

Annotations:
D:3 exclusion: downstairs
D:6 1 runed translucent door, Crazy Yiuf
D:8 exclusion: downstairs
D:9 Erolcha, Maggie


Innate Abilities, Weirdness & Mutations

You are a hulking beast.
Your limbs bulge with bestial killing power. (Slay +4)
You can breathe bolts of dispelling energy.
Your rich purple scales are hard. (AC +8)
You cannot fit into any form of body armour.
You are cold-blooded and may be slowed by cold attacks.


Message History

* * * LOW HITPOINT WARNING * * *
The skyshark tail-slaps you but does no damage.
Okay, then.
Aiming: Charm
Press: ? - help, Shift-Dir - straight line, f/p - skyshark
Aim: a skyshark (heavily wounded, berserk, chance to affect: 31%)
Okay, then.
Aiming: Polymorph
Press: ? - help, Shift-Dir - straight line, f/p - skyshark
Aim: a skyshark (heavily wounded, berserk, will become a moth of wrath, an eye of devastation, or a shining eye, chance to affect: 31%)
Okay, then.
Unknown command.
Throw: throwing net
Press: ? - help, Q - select action, (/) - cycle Shift-Dir - straight line, f/p - skyshark
Aim: a skyshark (heavily wounded, berserk, 74% to hit)
You throw a throwing net. The throwing net hits the skyshark.
The skyshark is caught in the net!
The skyshark is heavily wounded.
The skyshark struggles against the net. x3
The net rips apart, and the skyshark comes free!
You block the skyshark's attack. x2; The skyshark closely misses you.
Okay, then.
As you read the scroll of teleportation, it crumbles to dust.
You feel strangely unstable. You block the skyshark's attack.
The skyshark tail-slaps you but does no damage.
The skyshark barely misses you.
The skyshark rages.
The skyshark attacks as it pursues you! You block the skyshark's attack.
The skyshark misses you.
The skyshark tail-slaps you but does no damage.
You block the skyshark's attack. x2; The skyshark tail-slaps you.
The skyshark attacks as it pursues you! The skyshark completely misses you.
The skyshark closely misses you. The skyshark tail-slaps you!
* * * LOW HITPOINT WARNING * * *
The skyshark bites you but does no damage.
The skyshark tail-slaps you but does no damage. x2
The skyshark bites you!!
* * * LOW HITPOINT WARNING * * *
The skyshark tail-slaps you.
You die...

############
#.#..#.P##.### ###
##†........#P##P.###
#.........#.......#
##.......hl..>.....#
##...............(.(#
#...................#
##P...........P##...#
##...........## ...#
#.........#..# ....
##.......).#.## ...
#............# ...
##.........#.#


You could see a skyshark (berserk).

Vanquished Creatures
  Harold (D:9)
  A catoblepas (Lair:2)
  Pikel (D:4)
  A manticore (D:8)
  6 elephants
  2 cane toads (Lair:1)
  2 komodo dragons (Lair:1)
  A troll (D:8)
  A polar bear (Lair:2)
  6 blink frogs
  A hornet (D:8)
  Grinder (D:6)
  A wyvern (D:8)
  19 yaks
  Eustachio (D:5)
  12 water moccasins
  3 sky beasts
  2 orc warriors
  2 black bears
  An ice beast (D:5)
  3 ogres
  7 wolves
  A phantom (D:6)
  A centaur (D:8)
  7 bullfrogs
  A gnoll sergeant (D:8)
  A scorpion (D:3)
  9 killer bees
  2 electric eels
  2 howler monkeys (D:9)
  11 hounds
  A jelly (D:4)
  2 orc priests
  An iguana (D:4)
  2 sleepcaps
  5 orc wizards
  Terence (D:3)
  Robin (D:4)
  5 adders
  10 gnolls
  A shadow imp (D:7)
  A white imp (D:7)
  2 ufetubi (D:5)
  15 orcs
  3 endoplasms
  2 giant cockroaches
  22 goblins
  10 hobgoblins
  3 jackals (D:3)
  3 quokkas
  8 ball pythons
  4 bats
  5 frilled lizards
  8 kobolds
  7 rats
  A butterfly (Lair:2)
233 creatures vanquished.

Vanquished Creatures (collateral kills)
  2 yaks
  A gnoll sergeant (D:8)
  A gnoll (D:8)
4 creatures vanquished.

Vanquished Creatures (others)
  A yak (D:7)
1 creature vanquished.

Grand Total: 238 creatures vanquished

Notes
Turn   | Place    | Note
-------+----------+-------------------------------------------
     0 | D:1      | whatisthis the Draconian Shapeshifter began the quest for
                  | the Orb.
     0 | D:1      | Reached XP level 1. HP: 16/16 MP: 1/1
   101 | D:1      | Found Gixosh's One-of-a-Kind Rings.
   185 | D:1      | Reached XP level 2. HP: 23/23 MP: 2/2
   975 | D:2      | Reached skill level 2 in Fighting
  1027 | D:2      | Reached XP level 3. HP: 29/29 MP: 3/3
  1752 | D:3      | Reached XP level 4. HP: 37/37 MP: 4/4
  1845 | D:3      | Found a shadowy altar of Dithmenos.
  1887 | D:3      | Noticed Terence
  1945 | D:3      | Found a faded altar of an unknown god.
  2052 | D:3      | Noticed a scorpion
  2071 | D:3      | Killed a scorpion
  2072 | D:3      | Reached skill level 3 in Fighting
  2072 | D:3      | Reached XP level 5. HP: 32/45 MP: 5/5
  2360 | D:3      | Killed Terence
  2737 | D:4      | Noticed an orc warrior
  2857 | D:4      | Reached XP level 6. HP: 49/52 MP: 6/6
  2906 | D:4      | Noticed Robin
  2917 | D:4      | Killed Robin
  2919 | D:4      | Reached skill level 4 in Fighting
  3226 | D:5      | Entered Level 5 of the Dungeon
  3257 | D:5      | Noticed an ice beast
  3301 | D:5      | Noticed Eustachio
  3359 | D:4      | Noticed Pikel
  3721 | D:5      | Reached skill level 5 in Unarmed Combat
  3886 | D:4      | Your scales start taking on a rich purple colour.
  3886 | D:4      | Reached XP level 7. HP: 47/60 MP: 7/7
  3937 | D:5      | Reached skill level 5 in Shapeshifting
  4016 | D:5      | Reached skill level 5 in Fighting
  4021 | D:5      | Found a burning altar of Makhleb.
  4025 | D:5      | Noticed a blizzard demon
  4026 | D:5      | Found a glowing silver altar of Zin.
  4027 | D:5      | Noticed an angel
  4039 | D:5      | Became a worshipper of Makhleb the Destroyer
  4070 | D:5      | Found Iwagua's Magic Scroll Emporium.
  4073 | D:5      | Bought a scroll of teleportation for 33 gold pieces
  4073 | D:5      | Bought a scroll of fear for 44 gold pieces
  4172 | D:5      | Killed Eustachio
  4173 | D:5      | Reached skill level 1 in Invocations
  4539 | D:5      | Found a broken altar of Ashenzari.
  4829 | D:5      | Reached XP level 8. HP: 47/70 MP: 9/9
  5239 | D:6      | Reached skill level 6 in Fighting
  5443 | D:6      | Noticed Grinder
  5447 | D:6      | Paralysed by Grinder for 3 turns
  5460 | D:6      | Killed Grinder
  5632 | D:6      | Reached XP level 9. HP: 52/78 MP: 12/12
  5740 | D:6      | Found a runed translucent door.
  5741 | D:6      | Noticed Crazy Yiuf
  6025 | D:7      | Reached skill level 7 in Fighting
  6198 | D:7      | Found a shimmering blue altar of Sif Muna.
  6563 | D:7      | Found a staircase to the Ecumenical Temple.
  6587 | D:7      | Reached skill level 8 in Fighting
  6604 | Temple   | Entered the Ecumenical Temple
  6714 | D:7      | Found an ornate altar of the Wu Jian Council.
  6837 | D:7      | Found an iron altar of Okawaru.
  6971 | D:7      | Reached * piety under Makhleb
  7184 | D:8      | Found a radiant altar of Vehumet.
  7567 | D:8      | Noticed a troll
  7739 | D:8      | Reached skill level 9 in Fighting
  7816 | D:8      | Found a staircase to the Lair.
  7843 | D:8      | Noticed a manticore
  7877 | D:8      | Killed a manticore
  7878 | D:8      | Reached skill level 1 in Shields
  7878 | D:8      | Reached XP level 10. HP: 47/91 MP: 13/13
  9006 | D:9      | Noticed Maggie
  9516 | D:4      | Killed Pikel
  9977 | D:9      | Noticed Erolcha
 10360 | D:10     | Identified the "Tulidgh"
 10360 | D:15     | Identified the "Weshu"
 10360 | Lair:1   | Entered Level 1 of the Lair of Beasts
 10365 | Lair:1   | Reached skill level 10 in Fighting
 10680 | Lair:1   | Noticed a cane toad
 10758 | Lair:1   | Reached skill level 10 in Unarmed Combat
 10870 | Lair:1   | Noticed an elephant
 10998 | D:8      | Paralysed by a hornet for 2 turns
 11410 | D:9      | Noticed Harold
 11464 | Lair:1   | Noticed a cane toad
 11509 | D:9      | Killed Harold
 11510 | D:9      | Reached XP level 11. HP: 87/101 MP: 14/14
 12262 | Lair:1   | Reached skill level 11 in Fighting
 13143 | Lair:2   | Noticed a catoblepas
 13339 | Lair:1   | Reached ** piety under Makhleb
 13432 | Lair:2   | Found a staircase to the Shoals.
 13709 | Lair:2   | Noticed a five-headed hydra
 13792 | Lair:2   | Killed a catoblepas
 14146 | Lair:1   | Reached skill level 12 in Fighting
 14801 | Lair:2   | Reached XP level 12. HP: 113/113 MP: 15/15
 14828 | Lair:2   | HP: 2/113 [skyshark (23)]
 14828 | Lair:2   | Slain by a skyshark

Illustrated notes

Levels and vault maps discovered:
D:1:      mrwooster_arrival_statue_3, layout_basic, minmay_misc_feat_plants,
          hangedman_decor_opposing, minivault_11,
          hangedman_abyss_or_decor_lesser_grid, nicolae_shop_unique_rings,
          minmay_misc_feat_four_crosses
D:2:      layout_basic
D:3:      layout_loops_ring, nicolae_dithmenos_through_a_glass_darkly,
          ebering_ecumenical_altar_petrified, minmay_goblin_outpost,
          uniq_terence
D:4:      layout_loops_ring, nicolae_elevator_lobby_asterisk, uniq_pikel,
          uniq_robin
D:5:      layout_basic, grunt_temple_overflow_order_and_chaos_2,
          nicolae_ashenzari_panopticon, serial_shops, nicolae_shop_rolled_up,
          chequers_serial_rivers_micro_a, kennysheep_generic_room_5,
          uniq_eustachio
D:6:      layout_loops_cross, nrook_mini_vaults, uniq_crazy_yiuf_cottage,
          uniq_grinder
D:7:      layout_gridville, overflow_temple_1_default, lemuel_doored_altar,
          mainiacjoe_overflow_small_starburst, minmay_temple_entry_offerings
D:8:      layout_layer_cave, nicolae_vehumet_altar_sigil, erik_lair_island,
          grunt_ministairs_8
D:9:      layout_cave_pools, chequers_serial_rivers_small_b, uniq_maggie,
          uniq_harold, uniq_erolcha
Temple:   nicolae_temple_two_arcs
Lair:1:   layout_gridlike, infiniplex_staircase_pool
Lair:2:   layout_gridlike, shoals_dummy_entry, lemuel_fruit_fields

Skill      XL: |  1  2  3  4  5  6  7  8  9 10 11 |
---------------+----------------------------------+-----
Fighting       | 2 3 4 5 6 9 10 12 | 12.3
Unarmed Combat | 4 5 6 7 9 10 11 | 11.7
Shapeshifting  | 4 5 6 7 8 9 |  9.6
Invocations    | 2 4 |  4.5
Shields        | 1 3 |  3.0
Dodging        | 3 |  3.0

Action                     |  1- 3 |  4- 6 |  7- 9 | 10-12 || total
---------------------------+-------+-------+-------+-------++-------
  Melee: Unarmed           |   127 |   172 |   233 |   410 ||   942
         Tailslap          |    12 |    18 |    34 |    83 ||   147
         Punch             |     5 |     7 |     6 |       ||    18
  Throw: Stone             |     3 |       |       |     1 ||     4
         Boomerang         |       |       |       |     5 ||     5
         Dart              |       |       |       |    20 ||    20
         Throwing net      |       |       |       |     1 ||     1
Ability: Breathe Dispellin |       |       |    13 |    17 ||    30
  Evoke: Wand              |       |       |     2 |    12 ||    14
    Use: Potion            |       |     3 |     1 |     2 ||     6
         Scroll            |       |     3 |     1 |     3 ||     7
   Stab: Sleeping          |     2 |       |       |       ||     2
 Armour: Skin              |    44 |    83 |   151 |   274 ||   552
  Dodge: Dodged            |    68 |    70 |    90 |   141 ||   369
  Block: Kite shield       |       |       |    12 |   325 ||   337
         Reflection        |       |       |       |     1 ||     1
   Form: Beast             |     1 |       |     1 |       ||     2
         Flux              |       |       |     1 |       ||     1

Table legend: (Time is in decaauts)
 A = Elapsed time spent in this place.
 B = Non-inter-level travel time spent in this place.
 C = Inter-level travel time spent in this place.
 D = Time resting spent in this place.
 E = Time spent auto-exploring this place.
 F = Levels seen in this place.
 G = Mean time per level.
                   A        B        C        D        E       F      G
               +--------+--------+--------+--------+--------+-----+--------+
         Total |  14833 |  13429 |   1404 |   2810 |   4464 |  12 | 1236.1 |
       Dungeon |  11409 |  10159 |   1250 |   1783 |   4001 |   9 | 1267.7 |
        Temple |      1 |      1 |      0 |      0 |      0 |   1 |    1.0 |
          Lair |   3422 |   3268 |    154 |   1027 |    463 |   2 | 1711.0 |
               +--------+--------+--------+--------+--------+-----+--------+

Top non-repeatable levels by time:
     D:8: 2759 daAuts
  Lair:1: 2375 daAuts
     D:6: 1442 daAuts
     D:4: 1359 daAuts
     D:7: 1341 daAuts
     D:3: 1201 daAuts
     D:5: 1199 daAuts
  Lair:2: 1046 daAuts
     D:1: 923 daAuts
     D:2: 672 daAuts
     D:9: 508 daAuts
  Temple: 1 daAuts
